 Dungeon Crawl Stone Soup version 0.29-a0-303-ge4682ce883 (webtiles) character file.

Game seed: 7325436925960134540

127561 Conn the Scorcher (level 17, -11/99 HPs)
             Began as an Octopode Fire Elementalist on Mar 20, 2022.
             Was a High Priest of Sif Muna.
             Mangled by a hell beast (20 damage)
             ... summoned by a deep elf demonologist
             ... on level 3 of the Elven Halls on Mar 25, 2022.
             The game lasted 02:29:57 (34201 turns).

Conn the Scorcher (Octopode Fire Elementalist)     Turns: 34201, Time: 02:29:57

Health: -11/99     AC:  5    Str:  7    XL:     17   Next: 1%
Magic:  18/44      EV: 20    Int: 36    God:    Sif Muna [*****.]
Gold:   1350       SH: 20    Dex: 26    Spells: 4/45 levels left

rFire   + + +      SeeInvis .   E - +3 long sword of Eternal War {vorpal, rCorr}
rCold   + . .      Faith    .   I - +2 shield of Resistance {rF++ rC++ Will++}
rNeg    . . .      Spirit   .   (helmet restricted)
rPois   .          Reflect  +   d - amulet of reflection
rElec   +          Harm     .   h - +4 ring of protection
rCorr   +          Rampage  .   Q - ring of fire
Will    ++++.                   G - +6 ring of intelligence
Stlth   ++++......              l - ring of Fragile Peace {rF+ Will+ Int+4}
HPRegen 0.26/turn               o - ring "Yreczirch" {rElec rC- MP+9 Dex+8}
MPRegen 0.29/turn               q - +6 ring of dexterity
                                p - +4 ring of evasion
                                P - ring of protection from cold

@: silenced (expiring), on berserk cooldown, hasted and slowed
A: almost no armour, amphibious, 8 rings, camouflage 1, gelatinous body 1,
(nimble swimmer 1), tentacles
a: Renounce Religion


You were on level 3 of the Elven Halls.
You worshipped Sif Muna.
Sif Muna was extremely pleased with you.
You visited 5 branches of the dungeon, and saw 23 of its levels.

You collected 1965 gold pieces.
You spent 615 gold pieces at shops.

Inventory:

Hand Weapons
 E - the +3 long sword of Eternal War (weapon) {vorpal, rCorr}
   (You found it on level 6 of the Dungeon)

   It inflicts extra damage upon your enemies.
   rCorr:     It protects you from acid and corrosion.
 K - a +3 short sword of electrocution
Missiles
 H - 3 curare-tipped darts (quivered)
Armour
 n - a +2 buckler of cold resistance
 I - the +2 shield of Resistance (worn) {rF++ rC++ Will++}
   (You found it on level 6 of the Dungeon)

   rF:        It greatly protects you from fire.
   rC:        It greatly protects you from cold.
   Will:      It greatly increases your willpower.
Magical Staves
 g - a staff of earth
 w - a staff of air
 S - a staff of conjuration
Jewellery
 d - an amulet of reflection (around mantle)
 h - a +4 ring of protection (left tentacle)
 l - the ring of Fragile Peace (on tentacle) {rF+ Will+ Int+4}
   (You found it on level 11 of the Dungeon)

   [ring of protection from fire]

   Int:       It affects your intelligence (+4).
   rF:        It protects you from fire.
   Will:      It increases your willpower.
 o - the ring "Yreczirch" (on tentacle) {rElec rC- MP+9 Dex+8}
   (You found it on level 2 of the Lair of Beasts)

   [ring of magical power]

   Dex:       It affects your dexterity (+8).
   rC:        It makes you vulnerable to cold.
   rElec:     It insulates you from electricity.
   MP:        It affects your magic capacity (+9).
 p - a +4 ring of evasion (on tentacle)
 q - a +6 ring of dexterity (on tentacle)
 x - a ring of willpower
 G - a +6 ring of intelligence (on tentacle)
 P - a ring of protection from cold (on tentacle)
 Q - a ring of fire (right tentacle)
Wands
 e - a wand of charming (6)
 r - a wand of digging (9)
 t - a wand of acid (14)
 u - a wand of flame (72)
 y - a wand of paralysis (9)
 F - a wand of mindburst (7)
 O - a wand of iceblast (7)
Scrolls
 c - 6 scrolls of teleportation
 i - 2 scrolls of immolation
 k - 3 scrolls of amnesia
 A - 5 scrolls of magic mapping
 D - a scroll of enchant weapon
 M - a scroll of holy word
 N - a scroll of fog
Potions
 a - 5 potions of magic
 b - 4 potions of mutation
 j - 5 potions of might
 m - 3 potions of attraction
 s - a potion of berserk rage
 v - 4 potions of curing
 z - 3 potions of cancellation
 C - 7 potions of flight
 T - a potion of brilliance


   Skills:
 + Level 4.0 Fighting
 + Level 1.2(3.5) Short Blades
 + Level 5.3(5.4) Long Blades
 + Level 0.7 Throwing
 + Level 5.0 Dodging
 + Level 5.9 Stealth
 + Level 6.9 Shields
 + Level 14.5 Spellcasting
 + Level 12.6 Conjurations
 + Level 5.8 Hexes
 + Level 6.8 Summonings
 + Level 6.4 Translocations
 + Level 15.0 Fire Magic
 + Level 5.4 Air Magic
 + Level 0.2 Poison Magic
 + Level 6.2 Invocations
 + Level 1.0 Evocations


You had 4 spell levels left.
You knew the following spells:

 Your Spells              Type           Power      Damage    Failure   Level
a - Foxfire               Conj/Fire      100%       2x1d9     0%          1
b - Conjure Flame         Conj/Fire      100%       6-21      1%          3
c - Inner Flame           Hex/Fire       100%       N/A       1%          3
d - Flame Wave            Conj/Fire      100%       2d17      1%          4
e - Scorch                Fire           100%       2d10      0%          2
f - Sticky Flame          Conj/Fire      100%       2d11      1%          4
g - Static Discharge      Conj/Air       74%        N/A       1%          2
h - Iskenderun's Mystic   Conj/Tloc      76%        2d15      1%          4
i - Summon Lightning Spi  Summ/Air       63%        N/A       3%          4
j - Summon Guardian Gole  Hex/Summ       64%        N/A       1%          3
k - Fireball              Conj/Fire      56%        3d22      1%          5
l - Mephitic Cloud        Conj/Pois/Air  63%        N/A       1%          3
m - Ignite Poison         Fire/Tmut/Pois 76%        N/A       1%          3

Your spell library contained the following spells:

 Spells                   Type           Power      Damage    Failure   Level
 Magic Dart               Conj           100%       1d8       1%          1
 Shock                    Conj/Air       100%       1d9       1%          1
 Summon Small Mammal      Summ           100%       N/A       1%          1
 Searing Ray              Conj           100%       2d8       1%          2
 Call Canine Familiar     Summ           66%        N/A       1%          3
 Portal Projectile        Hex/Tloc       100%       N/A       1%          3
 Fulminant Prism          Conj/Hex       37%        3d18      1%          4
 Pain                     Necr           100%       1d9       3%          1
 Summon Ice Beast         Ice/Summ       50%        N/A       10%         4
 Frozen Ramparts          Ice            52%        1d7       12%         3
 Ozocubu's Armour         Ice            26%        N/A       12%         3
 Leda's Liquefaction      Hex/Erth       23%        N/A       12%         4
 Animate Dead             Necr           13%        N/A       36%         4
 Dispel Undead            Necr           26%        3d13      36%         4
 Ice Form                 Ice/Tmut       26%        N/A       36%         4
 Iskenderun's Battlesphe  Conj           87%        2d13      1%          5
 Starburst                Conj/Fire      56%        6d15      1%          6
 Irradiate                Conj/Tmut      32%        3d24      8%          5
 Summon Mana Viper        Hex/Summ       64%        N/A       8%          5
 Freezing Cloud           Conj/Ice/Air   31%        6-21      9%          5
 Silence                  Hex/Air        30%        N/A       11%         5
 Conjure Ball Lightning   Conj/Air       37%        3x3d12    14%         6
 Summon Cactus Giant      Summ           33%        N/A       34%         6
 Ignition                 Fire           58%        3d16      45%         8
 Alistair's Intoxication  Tmut/Pois      18%        N/A       69%         5
 Agony                    Necr           26%        N/A       71%         5
 Blade Hands              Tmut           13%        N/A       71%         5
 Borgnjor's Vile Clutch   Necr/Erth      13%        N/A       71%         5
 Excruciating Wounds      Necr           13%        N/A       71%         5
 Lee's Rapid Deconstruct  Erth           13%        3d10*     71%         5
 Malign Gateway           Summ/Tloc      32%        N/A       91%         7
 Enfeeble                 Hex            31%        N/A       96%         7
 Death Channel            Necr           13%        N/A       99%         6
 Ozocubu's Refrigeration  Ice            13%        4d7       100%        7
 Storm Form               Tmut/Air       22%        N/A       100%        7
 Maxwell's Capacitive Co  Air            30%        ∞         100%        8
 Chain Lightning          Conj/Air       37%        3d49      100%        9
 Fire Storm               Conj/Fire      56%        8d14      100%        9
 Animate Armour           Summ/Erth      Unusable   N/A       N/A         4

Dungeon Overview and Level Annotations

Branches:
Dungeon (11/15)            Temple (1/1) D:6            Lair (6/6) D:10
  Swamp (0/4) Lair:4       Spider (0/4) Lair:4        Slime (0/5) Lair:6
    Orc (2/2) D:11            Elf (3/3) Orc:2

Altars:
Ashenzari
Cheibriados
Dithmenos
Elyvilon
Fedhas
Gozag
Hepliaklqana
Kikubaaqudgha
Makhleb
Nemelex Xobeh
Okawaru
Qazlal
Ru
Sif Muna
Trog
Uskayaw
Vehumet
Wu Jian
Xom
Yredelemnul
Zin
The Shining One

Shops:
D:4 [   D:7 *   Orc:1 **:   Orc:2 [*=!(   Elf:1 [   Elf:2 (=

Annotations:
D:5 Pikel
Lair:1 2 transporters


Innate Abilities, Weirdness & Mutations

You cannot wear most types of armour.
You are amphibious.
You can wear up to eight rings at the same time.
Your skin changes colour to match your surroundings (Stealth+).
Your rubbery body absorbs attacks. (AC +1, EV +1)
((You are camouflaged when in or above water. (Stealth+)))
You have tentacles for arms and can constrict up to eight enemies at once.


Message History

Unknown command.
Aiming: Charm
Press: ? - help, Shift-Dir - straight line, f - hell beast
Aim: a hell beast (lightly wounded, summoned, chance to affect: 50%)
Okay, then.
Unknown command.
Unknown command.
Press: ? - help, v - describe, . - travel, g - get item
Here: a deep elf master archer, wearing a +0 leather armour
Items here: a +0 long sword; a +0 dagger.
The floor, spattered with blood.
Unknown command.
Unknown command.
Press: ? - help, v - describe, . - travel, g - get item
Here: a hell beast (summoned)
Items here: a +0 dagger; a +0 ring mail; an elf corpse.
The floor, spattered with blood.
Unknown command.
Unknown command.
Aiming: Charm
Press: ? - help, Shift-Dir - straight line, f - hell beast
Aim: a hell beast (lightly wounded, summoned, chance to affect: 50%)
The hell beast resists with significant effort.
You block the hell beast's attack. The hell beast completely misses you.
You block the hell beast's attack. The hell beast barely misses you.
You block the hell beast's attack. The hell beast misses you.
The deep elf master archer wields a +0 longbow.
The deep elf master archer shoots an arrow.
The arrow closely misses you. The hell beast barely misses you.
The hell beast closely misses you.
Okay, then.
Unknown command.
Unknown command.
The hell beast attacks as you move away!
You block the hell beast's attack. The hell beast barely misses you.
The hell beast attacks as you move away!
You block the hell beast's attack. The hell beast tramples you.
* * * LOW HITPOINT WARNING * * *
The hell beast bites you!!
You die...

.e.. e# . #...#..#≈≈).. e..#. #..
#...#..#≈≈... .####.#.##....
#...#..#≈≈... ..............
#...#..#≈≈... [...........#
#...#..#≈≈... #.....e...####
#...#..#≈≈...
#####.#####..########...+..#≈≈..)
.......)#....)...#.....##''#≈≈≈..
.......)).).)ee2@'....##...##≈≈..
........#...)).2.#...##.....##≈≈.
+############3####'###.......#≈).
..................'...♣...#≈≈.
..................'.......#≈))
#######################.....##≈≈.
≈≈≈≈≈≈≈≈≈≈≈≈≈≈≈≈≈≈≈≈≈≈##...##≈≈..
≈≈≈≈≈≈≈≈≈≈≈≈≈≈≈≈≈≈≈≈≈≈≈#####≈≈)..
...................).≈≈≈≈≈≈≈≈)..#


You could see 2 hell beasts, a deep elf master archer, a deep elf demonologist
and a smoke demon (summoned).

Vanquished Creatures
  Jorgrun (Orc:2)
  Asterion (Elf:2)
  A deep elf master archer (Elf:3)
  A deep elf blademaster (Elf:2)
  4 deep elf sorcerers
  An orc warlord (Elf:1)
  A deep elf elementalist (Elf:3)
  2 deep elf demonologists
  Snorg (D:11)
  2 deep elf high priests (Elf:3)
  2 ogre magi (Orc:2)
  4 boulder beetles
  4 hydras
  A merfolk avatar (Lair:6)
  23 dancing weapons
  14 two-headed ogres
  Erica (D:9)
  2 orc high priests
  Amaemon (Lair:2)
  9 deep elf knights
  3 sea snakes (Lair:6)
  23 deep elf pyromancers
  3 bog bodies (Lair:4)
  A deep elf archer (Elf:2)
  16 deep elf zephyrmancers
  A harpy (Lair:6)
  A lindwurm (Lair:6)
  6 orc knights
  A cyclops (Orc:1)
  A necromancer (Lair:5)
  3 orc sorcerers
  An ugly thing (D:11)
  Maurice (D:10)
  6 elephants (Lair:6)
  7 black mambas
  2 torpor snails (Lair:5)
  14 cane toads
  An orange demon (Lair:2)
  7 rime drakes
  8 komodo dragons
  2 kobold demonologists (D:10)
  A merfolk (shapeshifter) (Elf:1)
  A troll (D:11)
  A polar bear (Lair:6)
  19 blink frogs
  An air elemental (Elf:1)
  2 shadows
  56 yaks
  4 wyverns
  4 water elementals
  2 fire elementals
  6 steam dragons
  5 basilisks
  6 vampire mosquitoes
  2 swamp worms (Lair:4)
  6 wargs
  An acid dragon (D:9)
  18 water moccasins
  29 orc warriors
  A sky beast (D:6)
  A black bear (D:7)
  2 elephant zombies (Lair:5)
  26 ogres
  11 wolves
  6 centaurs
  6 kobold brigands
  2 komodo dragon zombies (Lair:5)
  2 necrophages
  15 bullfrogs
  A gnoll sergeant (D:10)
  2 scorpions (D:6)
  2 wights (D:8)
  8 killer bees
  5 electric eels
  6 hounds
  18 orc priests
  A gnoll shaman (D:3)
  A jelly (D:5)
  Crazy Yiuf (D:2)
  6 iguanas
  Ijyb (D:5)
  26 orc wizards
  A scorpion zombie (D:3)
  12 gnolls
  8 adders
  2 white imps
  2 ufetubi
  2 worms (D:3)
  4 dart slugs
  57 orcs
  9 ball pythons
  4 bats
  10 endoplasms
  A giant cockroach (D:2)
  4 goblins
  11 hobgoblins
  8 jackals (D:4)
  4 quokkas
  4 frilled lizards
  A jackal zombie (D:3)
  36 kobolds
  6 rats
  A bush (Lair:5)
  A butterfly (Lair:2)
686 creatures vanquished.

Vanquished Creatures (collateral kills)
  The ghost of iamserjio the Grappler, a journeyman OgTm of Cheibriados (Lair:6)
  A hydra (Lair:3)
  2 two-headed ogres (Orc:2)
  2 ogre magi (Orc:2)
  A deep elf archer (Elf:1)
  2 deep elf zephyrmancers
  A deep elf pyromancer (Elf:2)
  A cane toad (Lair:5)
  2 rime drakes (Lair:6)
  A wyvern (Lair:3)
  9 yaks
  A water moccasin (Lair:6)
  3 ogres (Orc:2)
  2 orc priests (Orc:1)
  An orc wizard (Orc:2)
  An orc (Orc:1)
  22 foxfires
53 creatures vanquished.

Vanquished Creatures (others)
  The ghost of ouz the Spry, an adept DjAE of Makhleb (Elf:1)
  A deep elf demonologist (Elf:1)
  A snapping turtle (Lair:6)
  An air elemental (Elf:1)
  A gnoll shaman (D:4)
  3 kobolds (D:8)
  3 ball lightnings (Elf:1)
  2 bushes
  2415 foxfires
  70 fungi
  118 plants
2616 creatures vanquished.

Grand Total: 3355 creatures vanquished

Notes
Turn   | Place    | Note
-------+----------+-------------------------------------------
     0 | D:1      | Conn the Octopode Fire Elementalist began the quest for the
                  | Orb.
     0 | D:1      | Reached XP level 1. HP: 11/11 MP: 3/3
   287 | D:1      | Reached XP level 2. HP: 17/17 MP: 0/5
  1163 | D:1      | Reached XP level 3. HP: 21/21 MP: 2/6
  2018 | D:2      | Found a runed translucent door.
  2023 | D:2      | Learned a level 3 spell: Conjure Flame
  2027 | D:2      | Learned a level 3 spell: Inner Flame
  2027 | D:2      | Noticed Crazy Yiuf
  2239 | D:3      | Reached XP level 4. HP: 27/27 MP: 3/7
  2481 | D:3      | Reached skill level 4 in Fire Magic
  2481 | D:3      | Reached XP level 5. HP: 31/31 MP: 0/9
  2500 | D:3      | Found a basalt altar of Yredelemnul.
  3623 | D:3      | Learned a level 2 spell: Scorch
  3705 | D:2      | Killed Crazy Yiuf
  3706 | D:2      | Reached XP level 6. HP: 36/36 MP: 2/11
  3813 | D:4      | Found Zesaff's Armour Shop.
  4514 | D:4      | Identified the +1 robe of a sewer {+Inv rPois}
  4777 | D:4      | Reached XP level 7. HP: 42/42 MP: 8/13
  4779 | D:4      | Found a snail-covered altar of Cheibriados.
  4908 | D:4      | Paralysed by a gnoll shaman for 4 turns
  5228 | D:5      | Entered Level 5 of the Dungeon
  5396 | D:5      | Reached skill level 5 in Fire Magic
  5718 | D:5      | Learned a level 4 spell: Flame Wave
  5734 | D:5      | Noticed Ijyb
  5738 | D:5      | Killed Ijyb
  5779 | D:5      | Noticed Pikel
  6333 | D:6      | Reached XP level 8. HP: 47/47 MP: 8/15
  6460 | D:6      | Reached skill level 1 in Fighting
  6460 | D:6      | Reached skill level 6 in Fire Magic
  6545 | D:6      | Identified the +3 long sword of Eternal War {vorpal, rCorr}
  6592 | D:6      | Reached skill level 5 in Spellcasting
  6663 | D:6      | Reached skill level 1 in Short Blades
  6710 | D:6      | Found a staircase to the Ecumenical Temple.
  6740 | D:6      | Identified a scroll of acquirement
  6740 | D:6      | Acquired a +2 buckler of cold resistance
  6822 | Temple   | Entered the Ecumenical Temple
  6896 | Temple   | Became a worshipper of Sif Muna the Loreminder
  7383 | D:6      | Found the +2 shield of Resistance {rF++ rC++ Will++}
  7396 | D:6      | Reached skill level 1 in Hexes
  7564 | D:7      | Reached skill level 1 in Shields
  7564 | D:7      | Reached skill level 7 in Fire Magic
  7663 | D:7      | Reached XP level 9. HP: 49/54 MP: 12/17
  7665 | D:7      | Reached skill level 1 in Long Blades
  7697 | D:7      | Reached skill level 5 in Conjurations
  7906 | D:7      | Found Iceuwor's General Store.
  8232 | D:7      | Found a shadowy altar of Dithmenos.
  8284 | D:7      | Learned a level 4 spell: Sticky Flame
  8287 | D:7      | Learned a level 2 spell: Static Discharge
  8341 | D:8      | Reached * piety under Sif Muna
  8529 | D:8      | Found a burning altar of Makhleb.
  8535 | D:8      | Reached skill level 1 in Air Magic
  9041 | D:8      | Reached ** piety under Sif Muna
  9908 | D:9      | Noticed Erica
  9923 | D:9      | Killed Erica
  9924 | D:9      | Reached skill level 8 in Fire Magic
  9924 | D:9      | Reached XP level 10. HP: 53/60 MP: 0/20
 10472 | D:10     | Entered Level 10 of the Dungeon
 10472 | D:10     | Noticed Maurice
 10478 | D:10     | Killed Maurice
 10992 | D:10     | Found a staircase to the Lair.
 11365 | D:10     | Noticed a kobold demonologist
 11373 | D:10     | Noticed a kobold demonologist
 11389 | D:10     | Killed a kobold demonologist
 11396 | D:10     | Killed a kobold demonologist
 11397 | D:10     | Reached skill level 5 in Shields
 12177 | D:11     | Reached XP level 11. HP: 42/65 MP: 11/22
 12193 | D:11     | Noticed a cyan ugly thing
 12513 | D:11     | Noticed a boulder beetle
 12532 | D:11     | Killed a boulder beetle
 12533 | D:11     | Reached skill level 5 in Stealth
 12533 | D:11     | Reached skill level 9 in Fire Magic
 12719 | D:11     | Found a staircase to the Orcish Mines.
 13144 | D:11     | Killed a cyan ugly thing
 13279 | D:11     | Noticed a two-headed ogre
 13290 | D:11     | Killed a two-headed ogre
 13398 | D:11     | Learned a level 4 spell: Iskenderun's Mystic Blast
 13484 | D:11     | Identified the ring of Fragile Peace {rF+ Will+ Int+4}
 13497 | D:11     | Noticed Snorg
 13507 | D:11     | Killed Snorg
 13534 | D:11     | Reached skill level 1 in Translocations
 13779 | Orc:1    | Entered Level 1 of the Orcish Mines
 13779 | Orc:1    | Noticed an orc sorcerer
 13781 | Orc:1    | Noticed a cyclops
 13786 | D:11     | Noticed a sixfirhy
 13787 | D:11     | Killed an orc sorcerer
 13939 | Lair:1   | Entered Level 1 of the Lair of Beasts
 14223 | Lair:1   | Reached *** piety under Sif Muna
 14388 | Lair:1   | Learned a level 4 spell: Summon Lightning Spire
 14446 | Lair:1   | Found a transporter.
 14447 | Lair:1   | Found a transporter.
 14599 | Lair:1   | Noticed a boulder beetle
 14828 | Lair:2   | Reached XP level 12. HP: 72/72 MP: 19/25
 14837 | Lair:2   | Identified the ring "Yreczirch" {rElec rC- MP+9 Dex+8}
 14849 | Lair:2   | Reached skill level 10 in Fire Magic
 15026 | Lair:2   | Identified the +1 robe "Temnez" {rF+ Dex+3}
 15081 | Lair:2   | Noticed an eight-headed hydra
 15116 | Lair:2   | Killed an eight-headed hydra
 15117 | Lair:2   | Reached skill level 1 in Summonings
 16238 | Lair:2   | Noticed Amaemon
 16245 | Lair:2   | Killed Amaemon
 16246 | Lair:2   | Reached skill level 10 in Spellcasting
 16444 | Lair:3   | Reached **** piety under Sif Muna
 16578 | Lair:3   | Noticed a five-headed hydra
 16597 | Lair:3   | Killed a five-headed hydra
 16797 | Lair:3   | Learned a level 3 spell: Summon Guardian Golem
 17278 | Lair:3   | Identified the +1 leather armour "Geoc" {-Tele Int+6}
 17514 | Lair:4   | Noticed an eight-headed hydra
 17515 | Lair:4   | Reached XP level 13. HP: 48/76 MP: 12/27
 17708 | Lair:4   | Reached skill level 11 in Fire Magic
 18525 | Lair:4   | Found a hole to the Spider Nest.
 18533 | Lair:4   | Reached skill level 5 in Translocations
 19157 | Lair:4   | Reached ***** piety under Sif Muna
 19396 | Lair:4   | Found a staircase to the Swamp.
 19991 | Lair:5   | Received a gift from Sif Muna
 19992 | Lair:5   | Reached skill level 1 in Evocations
 19992 | Lair:5   | Got Sif Muna's Handbook of Torrid Execration {god gift}
 20415 | Lair:5   | Reached skill level 10 in Conjurations
 21299 | Lair:6   | Entered Level 6 of the Lair of Beasts
 21414 | Lair:6   | Reached skill level 12 in Fire Magic
 21429 | Lair:6   | Reached XP level 14. HP: 83/83 MP: 13/29
 21631 | Lair:6   | Found a staircase to the Slime Pits.
 21688 | Lair:6   | Reached skill level 5 in Summonings
 22915 | Lair:6   | Received a gift from Sif Muna
 22916 | Lair:6   | Got Sif Muna's Almanac of Confrontation {god gift}
 22923 | Lair:6   | Learned a level 5 spell: Fireball
 23525 | Lair:6   | Found a large runed translucent door.
 23525 | Lair:6   | Found a large runed translucent door.
 23529 | Lair:6   | Noticed iamserjio's ghost (journeyman OgTm)
 23572 | Lair:6   | Killed iamserjio's ghost
 24541 | Orc:1    | Found Ysemear's Book Emporium.
 24615 | Orc:1    | Found Poanid's General Store.
 24935 | Orc:1    | Found Itos Uwy's General Store.
 25144 | Orc:2    | Entered Level 2 of the Orcish Mines
 25147 | Orc:2    | Found a staircase to the Elven Halls.
 25424 | Orc:2    | Noticed Jorgrun
 25435 | Orc:2    | Killed Jorgrun
 25561 | Orc:2    | Reached skill level 13 in Fire Magic
 25630 | Orc:2    | Received a gift from Sif Muna
 25717 | Orc:2    | Got Sif Muna's Almanac of Icy Combat Magic {god gift}
 25737 | Orc:2    | Reached XP level 15. HP: 87/88 MP: 23/31
 26002 | Orc:2    | Found Ekojel's Antique Armour Shoppe.
 26092 | Orc:2    | Reached skill level 1 in Invocations
 26582 | Orc:2    | Found Doeme's Weapon Shoppe.
 26582 | Orc:2    | Found Osir's Jewellery Shop.
 26583 | Orc:2    | Found Ojoroq's Distillery.
 26583 | Orc:2    | Found Qopramui's General Store.
 26675 | Orc:2    | Bought a potion of heal wounds for 75 gold pieces
 26675 | Orc:2    | Bought a potion of heal wounds for 75 gold pieces
 26675 | Orc:2    | Bought 2 potions of curing for 90 gold pieces
 26677 | Orc:2    | Bought a ring of fire for 375 gold pieces
 27172 | Elf:1    | Entered Level 1 of the Elven Halls
 27173 | Elf:1    | Upgraded the game from 0.29-a0-297-g7659ce593d to
                  | 0.29-a0-303-ge4682ce883
 27455 | Elf:1    | Paralysed by an air elemental for 1 turns
 27670 | Elf:1    | Got the Almanac of the Entourage
 27839 | Elf:1    | Found Voom Zea's Antique Armour Shop.
 28229 | Elf:1    | Found a radiant altar of Vehumet.
 28313 | Elf:1    | Reached skill level 5 in Air Magic
 28440 | Elf:1    | Noticed an orc warlord
 28459 | Elf:1    | Killed an orc warlord
 28629 | Elf:1    | Reached skill level 5 in Hexes
 28637 | Elf:1    | Received a gift from Sif Muna
 28639 | Elf:1    | Got Abuhiter's Almanac of Conjuration and Creation {god
                  | gift}
 28850 | Elf:1    | Reached skill level 14 in Fire Magic
 29125 | Elf:1    | Paralysed by an air elemental for 1 turns
 29129 | Elf:1    | Paralysed by an air elemental for 1 turns
 29523 | Elf:1    | Learned a level 3 spell: Mephitic Cloud
 29527 | Elf:1    | Learned a level 3 spell: Ignite Poison
 29535 | Elf:1    | Found a large runed translucent door.
 29537 | Elf:1    | Found a large runed translucent door.
 29540 | Elf:1    | Noticed ouz's ghost (adept DjAE)
 29557 | Elf:1    | Killed ouz's ghost
 29920 | Elf:2    | Noticed a deep elf sorcerer
 30123 | Elf:2    | Killed a deep elf sorcerer
 30128 | Elf:2    | Reached XP level 16. HP: 95/95 MP: 4/33
 30536 | Elf:2    | Found Pion's Jewellery Shoppe.
 30820 | Elf:2    | Noticed Asterion
 30844 | Elf:2    | Killed Asterion
 30845 | Elf:2    | Reached skill level 5 in Invocations
 31252 | Elf:2    | Found Joetsin's Weapon Shoppe.
 31574 | Elf:2    | Found a runed translucent gate.
 31574 | Elf:2    | Found a runed translucent gate.
 31575 | Elf:2    | Found a runed translucent gate.
 31730 | Elf:2    | Noticed a deep elf blademaster
 31748 | Elf:2    | Killed a deep elf blademaster
 33405 | Elf:3    | Entered Level 3 of the Elven Halls
 33534 | Elf:3    | Reached skill level 5 in Long Blades
 34171 | Elf:3    | Received a gift from Sif Muna
 34172 | Elf:3    | Got Sif Muna's Second Course in Spellcasting {god gift}
 34179 | Elf:3    | Noticed a deep elf master archer
 34189 | Elf:3    | Noticed a deep elf master archer
 34189 | Elf:3    | Killed a deep elf master archer
 34190 | Elf:3    | Reached skill level 15 in Fire Magic
 34197 | Elf:3    | Reached skill level 5 in Dodging
 34197 | Elf:3    | Reached XP level 17. HP: 34/99 MP: 17/35
 34201 | Elf:3    | Mangled by a hell beast

Illustrated notes

Levels and vault maps discovered:
D:1:      kennysheep_arrival_forest, layout_basic, kennysheep_flooded_box
D:2:      layout_rooms, minivault_26, uniq_crazy_yiuf_cottage
D:3:      layout_basic, lemuel_zombie_altar_yredelemnul
D:4:      layout_loops_ring, lemuel_coloured_pillars_altar, serial_shops,
          nicolae_shop_trees, minmay_stone_trees_small
D:5:      layout_rooms, grunt_ministairs_10, st_stairs_5, uniq_ijyb, uniq_pikel
D:6:      layout_loops_ring, minmay_temple_entry_overgrown, dk_noncrumbling_3
D:7:      layout_rooms, kennysheep_mini_moat, serial_shops, shop
D:8:      layout_loops_ring, bloody_makhleb
D:9:      layout_basic, uniq_erica
D:10:     layout_cave_pods, erik_lair_orcish_takeover,
          chequers_decorated_corner, uniq_maurice
D:11:     layout_irregular_city, orc_0_dummy, uniq_snorg
Temple:   mainiacjoe_temple_coin_purse
Lair:1:   gammafunk_boulding_lane, layout_chaotic_city,
          infiniplex_staircase_pool_2
Lair:2:   layout_regular_city, serial_bayou_shore_a, lemuel_fruit_tree,
          lemuel_fruit_fields, grunt_megastairs_2, uniq_amaemon
Lair:3:   layout_roguey
Lair:4:   layout_hall_layers, nicolae_swamp_entry_splash_gauntlet,
          dummy_spider_entry, chequers_serial_rivers_small_b, grunt_megastairs_5
Lair:5:   pond_and_an_island_with_a_cottage, layout_small_grid
Lair:6:   gammafunk_lair_ancient_temple, layout_gridlike, slime_dummy,
          ebering_ghost_disaster_area, minmay_lair_drake_nest
Orc:1:    layout_caves, serial_shops, shop, shop, nicolae_shop_window_shopping
Orc:2:    st_orc_ogre_mass, layout_caves, serial_shops,
          nicolae_shop_hallway_plus, uniq_jorgrun
Elf:1:    layout_geoelf_grid, special_room [special_room_orc],
          ebering_ghost_disaster_area, serial_shops,
          nicolae_shop_overgrown_old_shop, basic_altar, minmay_elf_demonology,
          drop_trap
Elf:2:    nicolae_elf_blades_splatter_lattice
          [nicolae_blade_entry_crossed_weapons], layout_gridlike, serial_shops,
          nicolae_stop_n_shop_2, nicolae_square_shop, lemuel_flamethrower_1,
          uniq_asterion
Elf:3:    minmay_elf_hall_circle, layout_geoelf_castle, serial_shops,
          nicolae_lakefront_shop, nicolae_elf_shapeshifter_party

Skill      XL: |  1  2  3  4  5  6  7  8  9 10 11 12 13 14 15 16 |
---------------+-------------------------------------------------+-----
Stealth        | 3 4 5 |  5.9
Conjurations   | 2 3 4 5 6 8 10 11 12 | 12.6
Fire Magic     | 4 5 7 8 9 10 12 13 14 15 | 15.0
Spellcasting   | 3 4 5 7 9 10 11 12 13 14 | 14.5
Fighting       | 1 2 3 4 |  4.0
Short Blades   | 1 |  1.2
Hexes          | 1 2 3 4 5 |  5.8
Shields        | 1 4 5 6 |  6.9
Long Blades    | 2 3 4 5 |  5.3
Dodging        | 3 4 5 |  5.0
Air Magic      | 2 4 5 |  5.4
Translocations | 3 4 5 6 |  6.4
Summonings     | 3 4 6 |  6.8
Evocations     | 1 |  1.0
Invocations    | 4 6 |  6.2
Throwing       | |  0.7
Poison Magic   | |  0.2

Action                   |  1- 3 |  4- 6 |  7- 9 | 10-12 | 13-15 | 16-18 || total
-------------------------+-------+-------+-------+-------+-------+-------++-------
Melee: Short sword       |    13 |    24 |    16 |     2 |       |       ||    55
       Constrict         |     1 |     9 |     4 |    12 |    14 |     9 ||    49
       Tentacles         |     1 |     8 |     9 |    11 |    26 |    11 ||    66
       Punch             |       |     1 |       |     1 |     1 |     1 ||     4
       Long sword        |       |       |    37 |    52 |    72 |    43 ||   204
       Staff             |       |       |       |       |     3 |       ||     3
Throw: Dart              |       |       |       |     2 |     3 |     2 ||     7
 Cast: Foxfire           |    69 |   122 |   184 |   258 |   666 |    83 ||  1382
       Scorch            |       |     2 |    33 |    43 |   139 |    10 ||   227
       Inner Flame       |       |     2 |    10 |    25 |    85 |    24 ||   146
       Conjure Flame     |       |     2 |     7 |     8 |    10 |     1 ||    28
       Flame Wave        |       |       |     6 |    27 |    22 |       ||    55
       Sticky Flame      |       |       |     1 |     3 |     7 |       ||    11
       Summon Lightning  |       |       |       |     3 |    29 |    10 ||    42
       Iskenderun's Myst |       |       |       |       |    36 |    69 ||   105
       Summon Guardian G |       |       |       |       |    19 |     5 ||    24
       Fireball          |       |       |       |       |    28 |    25 ||    53
       Static Discharge  |       |       |       |       |     2 |       ||     2
       Mephitic Cloud    |       |       |       |       |       |     8 ||     8
       Ignite Poison     |       |       |       |       |       |     1 ||     1
Invok: Channel Magic     |       |       |       |     1 |       |     1 ||     2
Evoke: Wand              |       |     1 |     2 |     3 |     5 |     2 ||    13
  Use: Scroll            |     5 |       |     6 |     9 |     5 |     9 ||    34
       Potion            |       |       |       |     3 |     8 |     5 ||    16
 Stab: Sleeping          |     5 |     2 |     1 |     3 |     3 |       ||    14
       Distracted        |       |       |       |       |     1 |       ||     1
       Confused          |       |       |       |       |       |     1 ||     1
Armor: Skin              |     1 |     2 |    18 |    41 |    22 |     4 ||    88
Dodge: Dodged            |     4 |    20 |    58 |    45 |    87 |    40 ||   254
Block: Other             |       |     5 |     8 |       |       |       ||    13
       Reflection        |       |       |     6 |    12 |    11 |    12 ||    41
       Buckler           |       |       |    37 |    41 |       |       ||    78
       Kite shield       |       |       |       |    75 |   204 |    79 ||   358

Table legend: (Time is in decaauts)
 A = Elapsed time spent in this place.
 B = Non-inter-level travel time spent in this place.
 C = Inter-level travel time spent in this place.
 D = Time resting spent in this place.
 E = Time spent auto-exploring this place.
 F = Levels seen in this place.
 G = Mean time per level.
                   A        B        C        D        E       F      G
               +--------+--------+--------+--------+--------+-----+--------+
         Total |  34275 |  33596 |    679 |   3081 |  21800 |  23 | 1490.2 |
       Dungeon |  14081 |  13770 |    311 |   1159 |   9457 |  11 | 1280.1 |
        Temple |     86 |     76 |     10 |      0 |     55 |   1 |   86.0 |
          Lair |  10298 |  10054 |    244 |    577 |   6788 |   6 | 1716.3 |
  Orcish Mines |   2752 |   2742 |     10 |     16 |   1864 |   2 | 1376.0 |
   Elven Halls |   7057 |   6954 |    103 |   1329 |   3636 |   3 | 2352.3 |
               +--------+--------+--------+--------+--------+-----+--------+

Top non-repeatable levels by time:
   Elf:1: 3914 daAuts
  Lair:6: 2606 daAuts
   Elf:2: 2344 daAuts
  Lair:5: 2022 daAuts
    D:11: 1946 daAuts
   Orc:2: 1784 daAuts
     D:4: 1684 daAuts
  Lair:4: 1651 daAuts
  Lair:2: 1612 daAuts
    D:10: 1558 daAuts
  Lair:3: 1503 daAuts
     D:3: 1444 daAuts
     D:6: 1334 daAuts
     D:1: 1282 daAuts
     D:8: 1127 daAuts
